 Dungeon Crawl Stone Soup version 0.25.1-1-g288607f5aa (webtiles) character file.

Game seed: 7960435123054763829

19772 GameOver the Carver (level 12, -4/103 HPs)
             Began as a Naga Wizard on July 18, 2020.
             Was a High Priest of Okawaru.
             Slain by a centaur warrior (5 damage)
             ... on level 11 of the Dungeon on July 19, 2020.
             The game lasted 01:56:47 (19949 turns).

GameOver the Carver (Naga Wizard)                  Turns: 19949, Time: 01:56:47

Health: -4/103     AC: 12    Str:  9    XL:     12   Next: 72%
Magic:  0/20       EV: 11    Int: 30    God:    Okawaru [*****.]
Gold:   329        SH:  5    Dex: 16    Spells: 7/21 levels left

rFire    + + .     SeeInvis +   e - +2 long sword (flame)
rCold    . . .     Gourm    .   (no shield)
rNeg     . . .     Faith    .   a - +1 robe {rF+}
rPois    +         Spirit   .   (helmet restricted)
rElec    .         Reflect  +   N - +0 cloak
rCorr    .         Harm     .   (no gloves)
MR       +....     Clarity  +   L - +1 naga barding {rF+}
Stlth    ++++......             p - amulet of reflection
HPRegen  0.27/turn              q - +6 ring of intelligence
MPRegen  0.17/turn              J - +6 ring of dexterity

@: very slow
A: large, horns 1, see invisible, clarity, deformed body, poison resistance,
slowness 2, slow metabolism 1, spit poison 1, AC +4
a: Spit Poison, Heroism, Finesse, Renounce Religion


You were on level 11 of the Dungeon.
You worshipped Okawaru.
Okawaru was extremely pleased with you.
You were very hungry.

You visited 3 branches of the dungeon, and saw 18 of its levels.
You also visited: Ossuary.

You collected 1105 gold pieces.
You spent 776 gold pieces at shops.

Inventory:

Hand Weapons
 e - a +2 long sword of flaming (weapon)
 G - a +4 vorpal broad axe
 U - a +3 great mace of holy wrath
 V - a +1 dagger of distortion
Armour
 a - a +1 robe of fire resistance (worn)
 b - a +0 helmet
 g - a +1 ring mail of cold resistance
 r - a +4 ring mail of poison resistance
 C - the +1 chain mail of Hedge Wizardry {rN+ Str+6, unknown}
   (You found it on level 6 of the Dungeon)

   It affects your strength (+6).
   It protects you from negative energy.
 E - a +0 robe of positive energy
 L - a +1 naga barding of fire resistance (worn)
 N - a +0 cloak (worn)
Jewellery
 f - a +6 ring of intelligence
 p - an amulet of reflection (around neck)
 q - a +6 ring of intelligence (left hand)
 J - a +6 ring of dexterity (right hand)
 O - an uncursed ring of protection from fire
 R - an uncursed ring of protection from fire
Wands
 c - a wand of polymorph (1)
 s - a wand of iceblast (3)
 M - a wand of random effects (21)
 S - a wand of disintegration (9)
Scrolls
 h - 6 scrolls of amnesia
 j - 3 scrolls of remove curse
 k - a scroll of fog
 l - a scroll of silence
 o - 3 scrolls of blinking
 t - 6 scrolls of teleportation
 u - a scroll of brand weapon
 v - a scroll of acquirement
 x - 2 scrolls of vulnerability
 y - 3 scrolls of enchant weapon
 z - 3 scrolls of enchant armour {unknown}
 B - 2 scrolls of immolation {unknown}
 K - a scroll of summoning
Potions
 i - a potion of curing
 n - 3 potions of flight
 w - a potion of cancellation
 A - a potion of mutation
 F - a potion of haste
 H - a potion of might
 I - a potion of resistance
 T - a potion of stabbing
Miscellaneous
 m - a phantom mirror
 Q - a lightning rod (4/4)
Comestibles
 d - 21 rations
 P - 6 chunks of flesh


   Skills:
 - Level 5.0 Fighting
 - Level 12.0 Long Blades
 - Level 5.0 Dodging
 - Level 9.0 Stealth
 + Level 5.4 Spellcasting
 + Level 7.5 Conjurations
   Level 1.0 Summonings
 - Level 3.0 Translocations
 - Level 3.0 Fire Magic
 + Level 5.0 Air Magic
 - Level 9.0 Poison Magic
 - Level 5.0 Invocations


You had 7 spell levels left.
You knew the following spells:

 Your Spells              Type           Power        Failure   Level  Hunger
a - Magic Dart            Conj           ####         1%          1    None
b - Blink                 Tloc           N/A          2%          2    None
d - Mephitic Cloud        Conj/Pois/Air  ######..     1%          3    None
f - Conjure Flame         Conj/Fire      #####...     1%          3    None
s - Lightning Bolt        Conj/Air       #####.....   12%         5    #####..

Your spell library contained the following spells:

 Spells                   Type           Power        Failure   Level  Hunger
 Shock                    Conj/Air       ####         1%          1    None
 Static Discharge         Conj/Air       #####...     1%          3    None
 Swiftness                Chrm/Air       ###.....     3%          2    None
 Ignite Poison            Fire/Tmut/Pois ####....     3%          3    None
 Call Imp                 Summ           ##......     5%          2    None
 Airstrike                Air            #####.....   7%          4    ###....
 Slow                     Hex            #.......     9%          2    None
 Irradiate                Conj/Tmut      ####......   32%         5    #####..
 Conjure Ball Lightning   Conj/Air       #####.....   54%         6    ######.


Dungeon Overview and Level Annotations

Branches:
Dungeon (13/15)            Temple (1/1) D:5            Lair (4/6) D:10
 Shoals (0/4) Lair:3       Spider (0/4) Lair:2      Ossuary (visited)
    Orc: D:9-12      Vaults: D:13-14

Altars:
Ashenzari
Cheibriados
Dithmenos
Fedhas
Gozag
Hepliaklqana
Kikubaaqudgha
Okawaru
Qazlal
Ru
Sif Muna
Vehumet
Wu Jian
Xom
Yredelemnul
Zin

Shops:
D:5 *   D:6 *   D:11 ?

Annotations:
D:7 exclusion: oklob plant
Lair:1 Fannar


Innate Abilities, Weirdness & Mutations

You cannot wear boots.
Your serpentine skin is tough. (AC +4)
You have supernaturally acute eyesight. (SInv)
Armour fits poorly on your strangely shaped body.
Your system is resistant to poisons. (rPois)
You cover ground very slowly.
You have a slow metabolism.
You can spit poison.
You have a pair of small horns on your head.
You possess an exceptional clarity of mind.


Message History

The centaur warrior hits you!
* * * LOW HITPOINT WARNING * * *
The centaur warrior hits you!
* * * LOW HITPOINT WARNING * * *
Casting: Lightning Bolt (dangerous; 12% risk of failure)
Confirm with . or Enter, or press ? or * to list all spells.
Aiming: Lightning Bolt (dangerous; 12% risk of failure)
Press: ? - help, Shift-Dir - straight line, f - centaur warrior
Aim: a centaur warrior, quivering 19 arrows (purple smoke, severely wounded) That beam is likely to hit you.
Continue anyway?
You hear a mighty clap of thunder!
The bolt of lightning hits the centaur warrior.
The centaur warrior is severely wounded.
The bolt of lightning misses the centaur warrior.
The bolt of lightning misses you.
You are feeling very hungry.
You feel like a meek peon again.
You hear an angry buzzing noise. x2; You hear a shout!
The centaur warrior hits you.
You die...

. # ########.§§§
####### #§..(...c§§
......# #c#####.§§§.
..###.# #@# §.#
...##>##########§# #
..).........>.§§§#
......<..#########
...##.##.# ########..
....#.##.# #.........
....#.##.# #.#######.
#.#.#.##.########.####
#.#.#.##.............#


You could see a centaur warrior.

Vanquished Creatures
  A hydra (D:12)
  A two-headed ogre (D:11)
  Urug (Lair:3)
  Sonja (D:11)
  Nergalle (Lair:1)
  A deep elf mage (D:11)
  2 merfolk sirens (Lair:3)
  Maurice (D:11)
  5 black mambas
  2 gargoyles
  Joseph (D:7)
  3 spiny frogs
  2 komodo dragons
  A rime drake (Lair:2)
  2 merfolk (Lair:3)
  Grinder (D:6)
  A hornet (D:8)
  4 hippogriffs
  Sigmund (D:4)
  A wyvern (D:10)
  A shadow (D:8)
  3 redbacks (Lair:2)
  2 hungry ghosts
  5 yaks (Lair:3)
  A basilisk (Lair:1)
  A vampire mosquito (D:12)
  Edmund (D:4)
  6 water moccasins
  A soldier ant (D:8)
  4 porcupines
  Duvessa (D:4)
  3 phantoms
  4 sky beasts
  3 orc warriors
  2 black bears (D:9)
  2 ice beasts
  9 ogres
  An eye of draining (D:10)
  6 centaurs
  3 wolves (Lair:2)
  7 crocodiles
  An elf zombie (D:4)
  10 bullfrogs
  2 wyvern skeletons
  Dowan (D:4)
  3 scorpions
  A howler monkey (D:9)
  3 crimson imps
  A bullfrog zombie (D:5)
  3 quasits
  A jelly (D:6)
  6 orc priests
  3 bullfrog skeletons
  7 hounds
  A centaur skeleton (D:4)
  A gnoll shaman (D:9)
  7 orc wizards
  2 human skeletons (D:4)
  4 iguanas
  12 worker ants
  A big kobold zombie (Ossuary)
  A hound skeleton (D:9)
  8 mummies (Ossuary)
  A worker ant zombie (D:5)
  15 adders
  8 gnolls
  A howler monkey skeleton (D:11)
  6 shadow imps
  4 oozes
  An adder zombie (D:6)
  An adder skeleton (D:4)
  2 dart slugs
  5 worms
  6 leopard geckos
  43 orcs
  9 bats
  4 giant cockroaches
  11 goblins
  14 hobgoblins
  13 jackals
  9 kobolds
  9 quokkas
  A ball python (D:2)
  5 frilled lizards
  A giant cockroach zombie (D:5)
  4 gnoll zombies (Ossuary)
  2 orc skeletons (D:4)
  4 orc zombies
  A quokka skeleton (D:9)
  9 rats
367 creatures vanquished.

Vanquished Creatures (others)
  An electric eel (D:9)
  4 fungi
  7 plants
12 creatures vanquished.

Grand Total: 379 creatures vanquished

Notes
Turn   | Place    | Note
-------+----------+-------------------------------------------
     0 | D:1      | GameOver the Naga Wizard began the quest for the Orb.
     0 | D:1      | Reached XP level 1. HP: 15/15 MP: 4/4
   200 | D:1      | Reached XP level 2. HP: 22/22 MP: 0/6
   204 | D:1      | Learned a level 2 spell: Blink
   828 | D:2      | Reached XP level 3. HP: 24/28 MP: 2/7
  1179 | D:2      | Learned a level 3 spell: Mephitic Cloud
  1223 | D:2      | Reached XP level 4. HP: 36/36 MP: 3/8
  1468 | D:2      | Reached skill level 1 in Poison Magic
  1551 | D:2      | Found an iron altar of Okawaru.
  1946 | D:2      | Reached XP level 5. HP: 40/42 MP: 4/9
  2634 | D:2      | Reached skill level 5 in Conjurations
  2634 | D:2      | Reached XP level 6. HP: 48/49 MP: 3/10
  2886 | D:3      | Found a faded altar of an unknown god.
  2990 | D:3      | Found an opulent altar of Gozag.
  3313 | D:3      | Found a snail-covered altar of Cheibriados.
  3375 | D:2      | Became a worshipper of Warmaster Okawaru
  3583 | D:3      | Learned a level 3 spell: Conjure Flame
  4010 | D:3      | Learned a level 1 spell: Magic Dart
  4565 | D:4      | Noticed Sigmund
  4682 | D:4      | Reached skill level 1 in Long Blades
  4717 | D:4      | Found a sand-covered staircase.
  4750 | Ossuary  | Entered an ossuary
  4793 | Ossuary  | Reached XP level 7. HP: 51/55 MP: 2/11
  4879 | Ossuary  | Reached skill level 1 in Fire Magic
  5209 | Ossuary  | Reached skill level 2 in Long Blades
  5390 | D:4      | Killed Sigmund
  5390 | D:4      | Reached * piety under Okawaru
  5829 | D:4      | Reached skill level 3 in Long Blades
  5829 | D:4      | Reached skill level 5 in Stealth
  5829 | D:4      | Reached XP level 8. HP: 58/62 MP: 10/12
  5955 | D:4      | Noticed Edmund
  6016 | D:4      | Killed Edmund
  6016 | D:4      | Reached skill level 5 in Poison Magic
  6488 | D:4      | Noticed Dowan
  6497 | D:4      | Reached ** piety under Okawaru
  6497 | D:4      | Reached skill level 4 in Long Blades
  6523 | D:4      | Noticed Duvessa
  6530 | D:4      | Killed Dowan
  6537 | D:4      | Killed Duvessa
  6926 | D:5      | Entered Level 5 of the Dungeon
  6982 | D:5      | Reached skill level 5 in Long Blades
  7214 | D:5      | Reached XP level 9. HP: 55/68 MP: 3/13
  7370 | D:5      | Found Cinethavo's Commerce Corner.
  7396 | D:5      | Found a staircase to the Ecumenical Temple.
  7405 | Temple   | Entered the Ecumenical Temple
  7598 | D:5      | Reached *** piety under Okawaru
  7598 | D:5      | Reached skill level 6 in Long Blades
  8218 | D:6      | Got an ancient chain mail
  8363 | D:6      | Identified the Volume of Harmful Contamination
  8763 | D:6      | Found Focloqal's Assorted Antiques.
  8774 | D:6      | Bought 2 potions of lignification for 138 gold pieces
  8774 | D:6      | Bought a scroll of teleportation for 69 gold pieces
  8813 | D:6      | Noticed Grinder
  8846 | D:6      | Killed Grinder
  8846 | D:6      | Reached skill level 7 in Long Blades
  8939 | D:6      | Found a radiant altar of Vehumet.
  9311 | D:6      | Found an ornate altar of the Wu Jian Council.
  9432 | D:6      | Reached **** piety under Okawaru
  9457 | D:7      | Noticed Joseph
  9733 | D:7      | Found a blossoming altar of Fedhas.
  9754 | D:7      | Noticed an oklob plant
  9786 | D:7      | Reached XP level 10. HP: 75/75 MP: 11/14
  9815 | D:7      | Reached skill level 8 in Long Blades
 10010 | D:7      | Found a shattered altar of Ashenzari.
 10027 | D:7      | Killed Joseph
 10589 | D:8      | Reached skill level 9 in Long Blades
 11020 | D:8      | Reached skill level 1 in Fighting
 11046 | D:8      | Reached ***** piety under Okawaru
 11740 | D:9      | Received a gift from Okawaru
 11964 | D:9      | Found a shimmering blue altar of Sif Muna.
 12149 | D:9      | Found a stormy altar of Qazlal.
 12350 | D:9      | Reached skill level 10 in Long Blades
 13049 | D:10     | Entered Level 10 of the Dungeon
 13053 | D:10     | Found a staircase to the Lair.
 13073 | D:10     | Reached XP level 11. HP: 78/90 MP: 3/15
 13399 | D:10     | Identified a scroll of acquirement
 13535 | D:10     | HP: 2/136 [ogre/+0 giant spiked club (29)]
 13539 | D:10     | Reached skill level 1 in Invocations
 14341 | D:11     | Noticed a deep elf mage
 14349 | D:11     | Killed a deep elf mage
 14427 | D:11     | Found Goibryse's Magic Scroll Boutique.
 14429 | D:11     | Noticed a skeletal warrior
 14430 | D:11     | Bought a scroll of random uselessness for 15 gold pieces
 14430 | D:11     | Bought a scroll of blinking for 112 gold pieces
 14430 | D:11     | Bought a scroll of brand weapon for 300 gold pieces
 14430 | D:11     | Bought a scroll of summoning for 142 gold pieces
 14489 | D:11     | Noticed Maurice
 14503 | D:11     | Killed Maurice
 14580 | D:11     | Noticed a two-headed ogre
 14598 | D:11     | Killed a two-headed ogre
 14724 | Lair:1   | Entered Level 1 of the Lair of Beasts
 14724 | Lair:1   | Noticed Fannar
 14739 | Lair:1   | Reached skill level 11 in Long Blades
 15859 | Lair:1   | Reached skill level 5 in Fighting
 15991 | Lair:1   | Noticed Nergalle
 16012 | Lair:1   | Killed Nergalle
 16521 | Lair:2   | Found a hole to the Spider Nest.
 16561 | Lair:2   | Reached skill level 5 in Dodging
 16970 | Lair:2   | Reached XP level 12. HP: 103/103 MP: 16/16
 16986 | Lair:2   | Reached skill level 12 in Long Blades
 17404 | Lair:3   | Reached skill level 1 in Air Magic
 17404 | Lair:3   | Reached skill level 5 in Invocations
 17641 | Lair:3   | Noticed Urug
 17649 | Lair:2   | Received a gift from Okawaru
 17790 | Lair:4   | Gained mutation: You have a pair of small horns on your
                  | head. [potion of mutation]
 17790 | Lair:4   | Gained mutation: You possess an exceptional clarity of
                  | mind. [potion of mutation]
 18122 | Lair:3   | Learned a level 5 spell: Lightning Bolt
 18303 | Lair:3   | Found a staircase to the Shoals.
 18987 | Lair:3   | Killed Urug
 19546 | D:11     | Reached skill level 5 in Spellcasting
 19710 | D:11     | Noticed Sonja
 19723 | D:11     | Killed Sonja
 19887 | D:12     | Noticed a seven-headed hydra
 19898 | D:12     | Killed a five-headed hydra
 19898 | D:12     | Reached skill level 5 in Air Magic
 19926 | D:11     | Noticed a centaur warrior
 19934 | D:11     | HP: 3/103 [centaur warrior (15)]
 19948 | D:11     | HP: 1/103 [centaur warrior (8)]
 19949 | D:11     | Slain by a centaur warrior

Illustrated notes

Levels and vault maps discovered:
D:1:      dpeg_arrival_rooms_b, layout_basic
D:2:      layout_loops_ring, okawaru_altar_gauntlet_db, first_ration,
          hangedman_glass_teeth, minmay_divided_ellipse
D:3:      minmay_angry_zag, layout_loops_corners, lemuel_crystal_altar,
          chequers_ecumenical_altar_simple_redux,
          minmay_misc_feat_secret_circle, serial_bayou_lagoon_a,
          cheibriados_altar_1
D:4:      layout_loops_corners, nicolae_ossuary_entry_catacombs, uniq_edmund,
          uniq_duvessa, uniq_sigmund
D:5:      layout_basic, minmay_temple_entry_drinking_statues,
          nicolae_alphabet_shops, kennysheep_generic_room_8
D:6:      layout_basic, fiery_altar_vehumet, lemuel_coloured_pillars_altar,
          serial_shops, shop, uniq_grinder
D:7:      layout_rooms, tgw_fedhas, evilmike_ruin_ashenzari, uniq_joseph
D:8:      layout_cave_pools, hangedman_pestilent_swarm
D:9:      layout_irregular_city, lemuel_doored_altar, lemuel_crystal_altar,
          kennysheep_flooded_box, lemuel_flame_loot_1
D:10:     layout_cave_pods, lair_entry_dummy
D:11:     minmay_smoke_and_mirrors, layout_loops_ring, serial_shops, shop,
          basic_altar, uniq_sonja, uniq_maurice
D:12:     layout_loops_ring, minmay_orc_entry_temple_small
D:13:     lemuel_slime, layout_rooms, lightli_vaults_fourway_checkpoint,
          wad_dig_loot
Temple:   oiseaux_autumnal_temple
Lair:1:   layout_big_grid, grunt_megastairs_3, uniq_nergalle, uniq_fannar
Lair:2:   layout_chaotic_city, spider_nest_entry_webs
Lair:3:   layout_chaotic_city, elwin_shoals_entry_stream, uniq_urug
Lair:4:   layout_roguey, uniq_rupert

Skill      XL: |  1  2  3  4  5  6  7  8  9 10 11 12 |
---------------+-------------------------------------+-----
Conjurations   | 2 3 4 5 6 7 |  7.5
Poison Magic   | 1 3 4 6 8 9 |  9.0
Long Blades    | 1 3 5 7 10 11 12 | 12.0
Fire Magic     | 2 3 |  3.0
Stealth        | 5 7 9 |  9.0
Translocations | 2 3 |  3.0
Fighting       | 3 5 |  5.0
Dodging        | 3 5 |  5.0
Invocations    | 4 5 |  5.0
Air Magic      | 5 |  5.0
Spellcasting   | 5 |  5.4
Summonings     | |  1.0

Action                   |  1- 3 |  4- 6 |  7- 9 | 10-12 || total
-------------------------+-------+-------+-------+-------++-------
Melee: Dagger            |     1 |       |       |       ||     1
       Spear             |       |     9 |     9 |       ||    18
       Long sword        |       |    71 |   220 |   506 ||   797
       Punch             |       |       |       |     5 ||     5
       Headbutt          |       |       |       |    26 ||    26
 Cast: Magic Dart        |    35 |   131 |   156 |   202 ||   524
       Mephitic Cloud    |       |     5 |    25 |    67 ||    97
       Blink             |       |     4 |     8 |    28 ||    40
       Conjure Flame     |       |     7 |    13 |    10 ||    30
       Lightning Bolt    |       |       |       |     8 ||     8
Invok: Heroism           |       |       |     3 |    23 ||    26
       Finesse           |       |       |       |     3 ||     3
 Abil: Spit Poison       |    19 |    77 |    55 |   109 ||   260
  Use: Potion            |       |     4 |     3 |    16 ||    23
       Scroll            |       |     9 |     6 |    11 ||    26
 Stab: Confused          |       |     2 |     9 |    43 ||    54
       Sleeping          |       |       |       |     8 ||     8
  Eat: Chunk             |     1 |    16 |    17 |    27 ||    61
       Ration            |       |       |       |     3 ||     3
Armor: Robe              |     4 |    50 |    41 |   108 ||   203
       Skin              |       |       |     9 |    21 ||    30
Dodge: Dodged            |    16 |    81 |    93 |   179 ||   369
Block: Other             |       |    33 |    42 |   102 ||   177
       Reflection        |       |       |     2 |     2 ||     4
       Rpst.: Long sword |       |    12 |    28 |    38 ||    78
